 Dungeon Crawl Stone Soup version 0.31-a0-221-gbddc013574 (webtiles) character file.

Game seed: 702173819502040380

79 qw the Shooter (level 4, -4/26 HPs)
             Began as a Gargoyle Hexslinger on July 3, 2023.
             Slain by a gnoll
             ... wielding a +0 club
              (5 damage)
             ... on level 2 of the Dungeon.
             The game lasted 00:00:30 (1438 turns).

qw the Shooter (Gargoyle Hexslinger)                Turns: 1438, Time: 00:00:31

Health: -4/26      AC:  9    Str: 11    XL:     4   Next: 38%
Magic:  5/5        EV: 11    Int: 14    God:
Gold:   88         SH:  0    Dex: 14    Spells: 4/5 levels left

rFire   . . .        Y - +3 longbow (freeze)
rCold   . . .        (shield currently unavailable)
rNeg    + . .        l - +0 leather armour
rPois   inf          (no helmet)
rElec   +            (no cloak)
rCorr   .            a - +2 pair of gloves {infuse}
SInv    .            (no boots)
Will    .....        (no amulet)
Stlth   +            (no ring)
HPRegen 0.24/turn    (no ring)
MPRegen 0.09/turn

%: infuse magic (1 MP)
@: about to teleport
A: sickness immunity, AC +3, negative energy resistance 1, electricity
resistance, torment resistance 1, petrification resistance
a: no special abilities


You were on level 2 of the Dungeon.
You visited 1 branch of the dungeon, and saw 3 of its levels.

You collected 88 gold pieces.


Innate Abilities, Weirdness & Mutations

You are immune to sickness and miasma.
Your stone body is resilient. (AC +3)
You are immune to poison.
You resist negative energy. (rN+)
You are resistant to electric shocks. (rElec)
You are resistant to unholy torment.
You are immune to petrification.


   Skills:
 - Level 2.2 Fighting
 + Level 4.0 Ranged Weapons
 - Level 1.5 Dodging
 - Level 1.0 Spellcasting
 - Level 2.6 Hexes


You had 4 spell levels left.
You knew the following spells:

 Your Spells              Type           Power      Damage    Failure   Level
a - Slow                  Hex            32%        N/A       12%         1

Your spell library contained the following spells:

 Spells                   Type           Power      Damage    Failure   Level
 Inner Flame              Hex/Fire       4%         N/A       52%         3
 Portal Projectile        Hex/Tloc       8%         N/A       52%         3
 Cause Fear               Hex            4%         N/A       75%         4

Inventory:

Hand Weapons
 Y - a +3 longbow of freezing (weapon)
Armour
 a - a +2 pair of gloves of infusion (worn)
 l - a +0 leather armour (worn)
Scrolls
 f - a scroll of teleportation
Potions
 e - a potion of resistance
 h - a potion of curing {unknown}
 i - a potion of invisibility {unknown}
 j - a potion of haste {unknown}
 k - a potion of lignification {unknown}
 m - a potion of brilliance {unknown}

Dungeon Overview and Level Annotations

Branches:
Dungeon (3/15)

Altars:

Shops:
D:3 =


Message History

Enter note:
Enter note:
Enter note:
Enter note: Done exploring.
(D) Dungeon
Where to? (* - list waypoints, Enter - D:2, ? - help)
What level of the Dungeon? (default 1, ? - help)
Things that are here:
a +0 dagger; 4 stones; a kobold skeleton
There is a stone staircase leading down here.
You climb downwards.
The gnoll shouts! x3; The jackal barks!
There is a stone staircase leading up here.
There are monsters nearby!
Waypoint 2 assigned to D:3.
You shoot an arrow. The arrow hits the gnoll.
The arrow freezes the gnoll.
The gnoll is severely wounded.
The gnoll hits you but does no damage. The gnoll closely misses you.
You shoot an arrow. The arrow closely misses the gnoll.
The gnoll hits you with a +0 club. The gnoll barely misses you.
The gnoll hits you with a +0 flail. The gnoll completely misses you.
The gnoll barely misses you. The gnoll closely misses you.
The gnoll hits you from afar with a +0 spear.
The gnoll hits you with a +0 flail.
1435 ||| STAIRDANCE The gnoll hits you with a +0 flail!
The gnoll closely misses you. The gnoll hits you but does no damage.
The jackal bites you but does no damage.
The gnoll misses you.
You climb upwards.
There is a stone staircase leading down here.
1437 ||| READING 2 scrolls of teleportation.
As you read the scroll of teleportation, it crumbles to dust.
You feel strangely unstable. The gnoll hits you with a +0 flail.
The gnoll closely misses you. x2
You shoot an arrow. The arrow hits the gnoll!
The arrow freezes the gnoll.
You kill the gnoll!
The gnoll hits you but does no damage. The gnoll hits you with a +0 club.
You die...

#.########## #..........#
#.########.# #.# #.# #.#
#.###### #.#
#......##############
#.#############...............
#............gg.###.##########
#####...#...)@..............#
#.#.#.###.#.###.##.####.##
#.#.....#.#.# #.##..###.##
#.###.....#.# #.###..##.##
#.....#.#.#.# #.# ##.##.##
#####.#.#.#.###.# #.....#
#.#.###%....#######...
#..............#####..
###...#####.........#.


You could see 2 gnolls.

Vanquished Creatures
  4 gnolls (D:2)
  2 adders (D:2)
  3 endoplasms
  2 giant cockroaches
  4 hobgoblins
  6 kobolds
  2 ball pythons
  3 bats (D:1)
  4 frilled lizards
  2 goblins (D:1)
  4 rats
36 creatures vanquished.

Notes
Turn   | Place    | Note
-------+----------+-------------------------------------------
     0 | D:1      | qw the Gargoyle Hexslinger began the quest for the Orb.
     0 | D:1      | Reached XP level 1. HP: 12/12 MP: 2/2
     0 | D:1      | 0 ||| qw: Version: 0.3-a-40-ge99b1a8
     0 | D:1      | 0 ||| qw: Game counter: 519
     0 | D:1      | 0 ||| qw: Melee chars always use a shield: true
     0 | D:1      | 0 ||| qw: God list: Okawaru
     0 | D:1      | 0 ||| qw: Allow faded altars: false
     0 | D:1      | 0 ||| qw: Do Orc after clearing Dungeon:15 true
     0 | D:1      | 0 ||| qw: Do second Lair branch before Depths: true
     0 | D:1      | 0 ||| qw: Lair rune preference: random
     0 | D:1      | 0 ||| qw: Goals: Normal
     0 | D:1      | 0 ||| PLANNING D:1-11
   159 | D:1      | Reached XP level 2. HP: 16/16 MP: 3/3
   188 | D:1      | 188 ||| SWAPPING to +2 hand crossbow of flaming.
   189 | D:1      | 189 ||| DROPPING +1 sling.
   253 | D:1      | Reached skill level 3 in Ranged Weapons
   620 | D:1      | 620 ||| UPGRADING to +2 pair of gloves of infusion.
   625 | D:1      | 625 ||| READING scroll labelled QERARI HAEG.
   626 | D:1      | 626 ||| READING scroll labelled UCWUURR AHINN.
   629 | D:1      | 629 ||| READING scroll labelled RIFIEG AHUM.
   629 | D:1      | Identified a scroll of acquirement
   629 | D:1      | 629 ||| ACQUIRING +3 longbow of freezing
   629 | D:1      | Acquired a +3 longbow of freezing
   631 | D:1      | 631 ||| SWAPPING to +3 longbow of freezing.
   632 | D:1      | 632 ||| DROPPING +3 hand crossbow of flaming.
   633 | D:1      | 633 ||| DRINKING 2 green potions.
   634 | D:1      | 634 ||| DROPPING scroll of poison.
   800 | D:2      | Reached XP level 3. HP: 21/21 MP: 4/4
   827 | D:2      | Found a faded altar of an unknown god.
  1213 | D:2      | Reached XP level 4. HP: 26/26 MP: 5/5
  1226 | D:2      | Reached skill level 4 in Ranged Weapons
  1381 | D:2      | 1381 ||| UPGRADING to +0 leather armour.
  1391 | D:2      | 1391 ||| DROPPING +0 robe.
  1392 | D:2      | 1392 ||| DROPPING ring of flight.
  1393 | D:2      | 1393 ||| READING scroll labelled VEVOEWN RULA.
  1432 | D:3      | Found Baetium's Jewellery Emporium.
  1435 | D:3      | 1435 ||| STAIRDANCE
  1435 | D:3      | HP: 5/26 [gnoll/+0 flail (9)]
  1437 | D:2      | 1437 ||| READING 2 scrolls of teleportation.
  1437 | D:2      | HP: 1/26 [gnoll/+0 flail (5)]
  1438 | D:2      | Slain by a gnoll

Levels and vault maps discovered:
D:1:      minmay_arrival_loop, layout_basic
D:2:      layout_basic, ebering_ecumenical_altar_abandoned,
          wander_ebering_terrifying_dragon_lair
D:3:      layout_basic, serial_shops, shop, shop_statue,
          nicolae_shop_waterfront, shop, amcnicky_mini_corridor_feature,
          hangedman_feature_mirror

Skill      XL: |  1  2  3  4 |
---------------+-------------+-----
Ranged Weapons | 3 4 |  4.0
Fighting       | 2 |  2.2
Dodging        | |  1.5
Spellcasting   | |  1.0
Hexes          | |  2.6

Action                     |  1- 3 |  4- 6 || total
---------------------------+-------+-------++-------
   Fire: Sling             |    30 |       ||    30
         Hand crossbow     |    15 |       ||    15
         Longbow           |    35 |    13 ||    48
    Use: Scroll            |     3 |     2 ||     5
         Potion            |     1 |       ||     1
 Armour: Robe              |    13 |     3 ||    16
         Leather armour    |       |     4 ||     4
  Dodge: Dodged            |    15 |    13 ||    28

Table legend:
 A = Non-vault XP
 B = Vault XP
 C = Vault XP percentage of total XP
 D = Non-vault monster count
 E = Vault monster count
 F = Vault count percentage of total count
                 A         B        C        D         E       F
            +---------+---------+-------+---------+---------+-------
      Total |     127 |       1 |   0.8 |      35 |       1 |   2.8
            +---------+---------+-------+---------+---------+-------
        D:1 |      25 |       0 |   0.0 |      16 |       0 |   0.0
        D:2 |     102 |       1 |   1.0 |      19 |       1 |   5.0
            +---------+---------+-------+---------+---------+-------
